Map: Catalyst LE

Players

Optimus - Winner!

  • Race: Terran Terran
  • Spawn Location: 5:00

Namshar

  • Race: Zerg Zerg
  • Spawn Location: 11:00

Event: WCS Austin 2018

VOD

Have the link to the VOD?

Description

Time

  • Played on: June 1, 2018, 4:32 p.m.
  • Length: 27:57

All games in this series

Show
View Real Time Build Order
Export as new Build Order

Optimus Terran - Winner!

Build Orders: Hellion Opening, Reaper Expand, Bio Tank 

Get SALT Encoding   

  12  0:00  SCV  
  13  0:12  SCV  
  14  0:17  Supply Depot  
  14  0:24  SCV  
  15  0:39  SCV  
  15  0:40  Barracks  
  16  0:44  Refinery  
  16  0:51  SCV  
  17  1:03  SCV  
  18  1:15  SCV  
  19  1:27  Reaper  
  19  1:28  Orbital Command  
  20  1:41  Command Center  
  20  1:52  Supply Depot  
  20  1:54  SCV  
  20  1:59  Marine  
  22  2:05  Factory  
  22  2:09  SCV  
  22  2:13  Refinery  
  23  2:21  SCV, Barracks Reactor  
  24  2:33  SCV  
  25  2:45  SCV  
  25  2:49  Starport  
  26  2:53  Orbital Command  
  26  2:57  SCV  
  27  3:04  Barracks Tech Lab, Hellion x2  
  31  3:09  SCV  
  32  3:20  SCV  
  32  3:21  SCV  
  32  3:25  Supply Depot, Hellion x2  
  38  3:32  SCV  
  39  3:34  Raven  
  41  3:43  SCV  
  41  3:44  SCV  
  41  3:46  Hellion  
  41  3:47  Hellion  
  47  3:50  Supply Depot  
  47  3:55  SCV  
  47  3:56  SCV  
  47  4:00  Liberator  
  47  4:02  Command Center  
  49  4:08  SCV x2  
  53  4:20  SCV  
  57  4:26  SCV  
  58  4:34  Barracks Tech Lab, SCV  
  57  4:38  SCV  
  57  4:40  Refinery, Barracks, Factory Reactor  
  57  4:41  Barracks  
  58  4:46  SCV  
  58  4:49  Engineering Bay  
  58  4:50  Engineering Bay, SCV  
  58  4:52  Stimpack  
  60  4:53  Marine  
  60  4:59  Supply Depot, SCV  
  62  5:08  Refinery  
  62  5:10  Starport Reactor  
  62  5:14  SCV x2, Marine  
  64  5:15  Orbital Command  
  65  5:23  Terran Infantry Weapons Level 1  
  65  5:24  Terran Infantry Armor Level 1  
  65  5:26  SCV x2  
  67  5:31  Marine  
  67  5:34  Marine x2  
  70  5:38  Siege Tank, SCV, Marine x2  
  76  5:44  SCV  
  76  5:46  Orbital Command  
  76  5:49  Marine  
  78  5:52  Marine x2, Medivac x2  
  78  5:56  Marine  
  83  5:59  Marine  
  83  6:01  SCV  
  83  6:02  SCV  
  79  6:07  Marine  
  79  6:09  Marine  
  79  6:10  Marine  
  77  6:12  Siege Tank  
  77  6:14  SCV x2, Marine  
  77  6:15  Supply Depot  
  77  6:18  Barracks x2  
  81  6:21  SCV  
  81  6:23  Armory  
  82  6:26  SCV x2  
  82  6:27  Refinery  
  82  6:28  Marine  
  82  6:29  Marine  
  82  6:30  Supply Depot  
  86  6:33  SCV  
  86  6:35  Marine x3  
  86  6:38  SCV  
  86  6:39  SCV  
  92  6:43  Factory  
  92  6:44  Siege Tank  
  92  6:45  SCV  
  96  6:48  Marine x2  
  96  6:50  SCV  
  96  6:53  Combat Shield, SCV  
  100  6:57  SCV  
  100  6:58  Supply Depot  
  100  7:00  Medivac  
  103  7:01  Medivac  
  103  7:02  Supply Depot, SCV  
  103  7:04  Marine x2  
  108  7:09  Barracks Reactor x2  
  108  7:10  SCV  
  109  7:20  Siege Tank, Supply Depot, SCV x2  
  114  7:22  SCV  
  113  7:31  Factory Tech Lab  
  113  7:32  SCV x2  
  113  7:35  SCV  
  116  7:43  Marine x4  
  121  7:45  Terran Infantry Armor Level 2, SCV, Terran Infantry Weapons Level 2  
  123  7:51  Marauder  
  123  7:56  Refinery  
  123  7:57  Supply Depot x3  
  122  8:00  Marine  
  122  8:01  Marine x2  
  122  8:05  Siege Tank  
  125  8:07  Siege Tank  
  125  8:08  Marine x5  
  125  8:12  Concussive Shells  
  133  8:13  Supply Depot  
  133  8:17  Supply Depot  
  133  8:18  Marine  
  133  8:19  Marine x2  
  137  8:21  Medivac x2  
  137  8:26  Marine x4  
  145  8:28  Marauder, Supply Depot x2, Marine  
  147  8:36  Marine x3  
  147  8:37  Siege Tank  
  153  8:43  Siege Tank  
  153  8:44  Marine  
  157  8:49  Supply Depot  
  157  8:50  Supply Depot  
  157  8:51  Marauder, Supply Depot  
  157  8:54  Medivac  
  157  8:55  Medivac  
  163  9:07  Marine, Liberator  
  163  9:08  Marine x7  
  163  9:09  Siege Tank, Liberator  
  167  9:25  Marine x5  
  167  9:26  Marine x3  
  167  9:29  Siege Tank  
  167  9:30  Command Center  
  182  9:33  Terran Vehicle Weapons Level 1  
  182  9:48  Siege Tank  
  182  9:50  Marine  
  182  9:51  Marauder, Marine x7  
  194  9:58  Supply Depot  
  194  10:01  Siege Tank  
  197  10:08  Marine x4  
  196  10:47  Marine x7  
  140  10:53  Siege Tank x2, Marine  
  140  10:54  Marine  
  140  10:55  SCV x2  
  135  10:58  Medivac x2  
  135  10:59  Barracks x2  
  135  11:01  Barracks  
  128  11:04  Marine  
  128  11:05  Marine x6  
  128  11:10  Terran Infantry Armor Level 3, Terran Infantry Weapons Level 3  
  135  11:11  Marine x2  
  135  11:18  Planetary Fortress  
  135  11:22  Marine x5  
  135  11:25  Siege Tank x2  
  137  11:28  Medivac x2  
  137  11:32  Marauder, Marine x3  
  127  11:40  Marine x5  
  127  11:42  Ghost Academy, Liberator  
  127  11:45  Liberator  
  132  11:52  Barracks Tech Lab x3  
  132  11:53  Marauder  
  134  11:57  Refinery  
  134  11:58  Refinery  
  134  11:59  Command Center  
  137  12:06  Siege Tank  
  143  12:14  Marauder x2  
  143  12:15  Marauder  
  142  12:17  SCV x2  
  142  12:19  Supply Depot, Marine x5  
  142  12:20  Supply Depot  
  149  12:28  Sensor Tower  
  149  12:29  Siege Tank  
  152  12:38  Siege Tank  
  152  12:42  Personal Cloaking  
  155  12:55  Marine x4  
  155  12:56  Marine x4  
  155  12:57  Ghost  
  165  13:00  Ghost x3  
  169  13:16  Command Center  
  169  13:18  Siege Tank x2  
  169  13:19  Marine x7  
  182  13:27  Ghost  
  182  13:28  Ghost x2  
  188  13:38  Ghost  
  189  13:55  Ghost  
  189  13:57  Ghost x2  
  189  14:02  Planetary Fortress  
  195  14:06  Ghost  
  188  14:23  Marine x4  
  174  14:24  Ghost  
  174  14:25  Ghost x2  
  174  14:29  Refinery, Orbital Command  
  174  14:30  Refinery  
  180  14:39  Ghost  
  180  14:42  Nuke  
  182  14:46  Marine  
  182  14:47  Marine x7, Command Center  
  182  14:51  Structure Armor  
  190  14:52  Ghost  
  190  14:54  Marine, Ghost  
  195  15:03  Siege Tank  
  195  15:04  Marine  
  195  15:05  Marine  
  200  15:12  Sensor Tower  
  200  15:23  Command Center  
  200  15:25  Command Center  
  200  15:32  Ghost Academy  
  200  15:33  Ghost Academy  
  200  15:34  Ghost Academy  
  195  15:43  Ghost x2  
  199  16:00  Orbital Command  
  199  16:02  Command Center  
  199  16:04  Nuke x3  
  199  16:05  Nuke  
  199  16:11  Marine  
  200  16:20  Ghost x2  
  200  16:24  Marine x7  
  200  16:31  Starport, Fusion Core  
  198  16:33  Starport  
  198  16:35  Hi-Sec Auto Tracking  
  198  16:36  Orbital Command, Terran Ship Weapons Level 1  
  198  16:39  Orbital Command  
  198  16:48  Nuke  
  198  16:56  Ghost  
  198  17:04  Medivac  
  198  17:07  Nuke  
  200  17:08  Starport Tech Lab  
  200  17:09  Starport Reactor  
  200  17:15  Orbital Command  
  198  17:26  Ghost x2  
  198  17:28  Nuke  
  199  17:30  Liberator x4  
  199  17:33  Ghost x2  
  199  17:34  Marine x8  
  199  17:36  Advanced Ballistics  
  187  17:45  Nuke  
  197  17:52  Marine  
  197  17:54  Ghost  
  197  17:56  Orbital Command  
  200  18:03  Orbital Command  
  200  18:05  Orbital Command, Liberator  
  197  18:21  Ghost  
  197  18:24  Refinery  
  197  18:25  Refinery  
  194  18:29  Ghost x2  
  198  18:34  Ghost  
  198  18:40  Nuke  
  200  18:42  Nuke  
  200  18:48  Command Center  
  198  18:50  Command Center  
  198  18:58  Nuke  
  198  19:05  Command Center  
  195  19:25  Nuke  
  198  19:34  Terran Ship Weapons Level 2  
  198  19:37  Unknown x3  
  198  19:39  Nuke  
  198  19:47  Viking x2  
  198  19:51  Viking x3  
  196  19:56  Ghost x4  
  191  20:04  Orbital Command, Liberator  
  191  20:06  Missile Turret  
  191  20:07  Missile Turret  
  191  20:17  Viking x2  
  191  20:21  Viking  
  198  20:26  Viking  
  191  20:55  Ghost x3  
  194  21:03  Viking x2  
  198  21:04  Viking  
  199  21:29  Viking  
  199  21:49  Nuke  
  199  21:50  Planetary Fortress  
  199  21:57  Marine  
  199  22:07  Viking  
  198  22:22  Liberator x3  
  198  22:28  Unknown x4  
  190  22:33  Unknown x4  
  199  22:51  Viking x2, Ghost x2  
  184  22:53  Marine x5  
  187  23:06  Nuke  
  170  23:20  Ghost  
  170  23:21  Medivac x2, Marine, Ghost x3  
  170  23:22  Marine x7, Viking x2  
  170  23:24  Unknown  
  170  23:25  Unknown x4  
  164  23:30  Viking  
  150  23:35  Refinery x2  
  150  23:36  Orbital Command  
  150  23:39  Marine x2  
  150  23:40  Marine x6  
  150  23:41  Thor x2  
  164  23:49  Marine x3, Ghost  
  164  23:51  Liberator x2, Viking  
  164  23:53  Terran Ship Weapons Level 3  
  171  23:57  Marine x7  
  178  24:07  Ghost x3  
  190  24:10  Marine  
  190  24:15  Nuke, Marine x7  
  198  24:18  Ghost  
  197  24:35  Ghost  
  199  24:39  Nuke  
  199  24:48  Nuke  
  199  24:53  Marine  
  196  25:06  Ghost x3  
  187  25:14  Viking  
  187  25:15  Viking x2  
  193  25:23  Viking x2, Ghost  
  193  25:27  Liberator x2  
  200  26:00  Liberator  
  197  26:27  Unknown x18  
  197  26:28  Unknown x3  
  197  26:37  Ghost  
  197  26:38  Ghost  
  199  26:46  Ghost x2  
  195  26:49  Unknown, Marine  
  195  26:50  Marine x7  
  191  26:55  Viking x2  
  189  27:03  Viking x2  
  189  27:05  Siege Tank x2  
  189  27:06  Marine, Ghost  
  181  27:09  Viking  
  181  27:10  Marine x8  
  181  27:15  Ghost x2  
  155  27:24  Ghost  
  155  27:25  Viking x2  
  155  27:28  Marine x6  
  170  27:39  Marine x2  
Show
View Real Time Build Order
Export as new Build Order

Namshar Zerg 

Build Orders: Hatch First 

Get SALT Encoding   

  12  0:01  Drone  
  13  0:13  Overlord  
  13  0:17  Drone  
  14  0:31  Drone x2  
  16  0:35  Drone  
  17  0:52  Hatchery  
  17  0:55  Drone  
  17  0:58  Drone  
  18  1:09  Extractor  
  17  1:13  Spawning Pool  
  17  1:16  Drone  
  17  1:20  Drone  
  18  1:28  Drone  
  19  1:39  Drone  
  20  1:50  Overlord  
  20  2:01  Queen  
  20  2:03  Queen  
  20  2:04  Zergling x4  
  26  2:08  Metabolic Boost  
  26  2:11  Zergling x2  
  26  2:14  Drone  
  28  2:23  Drone  
  29  2:32  Drone  
  30  2:39  Queen  
  30  2:42  Queen  
  30  2:43  Overlord  
  34  2:44  Drone  
  35  2:51  Overlord  
  35  2:54  Drone  
  36  3:02  Drone  
  36  3:03  Drone  
  38  3:06  Drone  
  39  3:17  Drone  
  39  3:18  Drone x3  
  43  3:20  Drone  
  43  3:21  Drone x2  
  43  3:27  Hatchery  
  45  3:40  Drone  
  46  3:42  Overlord, Queen  
  46  3:43  Overlord  
  46  3:45  Drone  
  49  3:50  Drone x2  
  51  3:55  Roach Warren  
  51  3:56  Drone  
  51  3:58  Overlord  
  51  4:02  Extractor, Drone x2  
  52  4:13  Drone  
  52  4:14  Zergling x2  
  52  4:15  Zergling x4  
  56  4:28  Overlord  
  56  4:30  Lair, Drone x2  
  56  4:31  Drone  
  59  4:35  Roach x4  
  59  4:36  Overlord  
  67  4:41  Queen  
  67  4:42  Drone  
  70  4:51  Overlord  
  70  4:52  Queen  
  70  4:53  Drone  
  70  4:54  Drone x2  
  75  5:01  Drone  
  75  5:02  Drone  
  75  5:04  Drone x3  
  78  5:15  Drone x2, Roach  
  78  5:16  Drone, Roach  
  78  5:17  Drone x3  
  78  5:20  Evolution Chamber  
  87  5:24  Evolution Chamber  
  87  5:26  Baneling Nest  
  84  5:28  Drone  
  84  5:29  Drone x4  
  89  5:38  Overlord x2  
  89  5:42  Extractor, Drone x2  
  90  5:49  Drone  
  88  5:50  Drone x2  
  81  6:04  Drone  
  81  6:05  Drone x5  
  81  6:06  Queen  
  81  6:10  Centrifical Hooks, Zerg Ground Armor Level 1, Zerg Melee Weapons Level 1  
  87  6:13  Drone x3  
  90  6:18  Drone x2  
  90  6:19  Drone  
  90  6:24  Drone  
  94  6:26  Queen  
  94  6:29  Extractor x2  
  94  6:30  Drone  
  94  6:31  Drone  
  96  6:33  Hatchery  
  96  6:39  Extractor, Drone  
  95  6:40  Drone  
  94  6:48  Zergling x16  
  94  6:54  Zergling x2  
  103  6:55  Ravager x2  
  103  6:56  Ravager x2  
  107  7:02  Zergling x10  
  107  7:07  Pneumatized Carapace  
  107  7:08  Zergling x4  
  114  7:14  Overlord, Hydralisk Den  
  114  7:15  Overlord x3  
  113  7:18  Ravager  
  114  7:25  Baneling x3  
  114  7:26  Baneling x3  
  114  7:32  Overlord x2  
  114  7:34  Drone x2  
  114  7:35  Drone  
  117  7:43  Drone  
  117  7:44  Drone x6  
  124  7:46  Grooved Spines  
  124  7:50  Zergling x2  
  124  7:51  Zergling x4  
  127  7:52  Baneling x9  
  127  7:54  Zergling x8  
  127  7:57  Queen  
  133  8:03  Queen  
  133  8:04  Queen x2  
  132  8:12  Zergling x4  
  134  8:13  Overlord x2, Zergling x4  
  134  8:17  Zerg Ground Armor Level 2, Zerg Melee Weapons Level 2  
  136  8:22  Zergling x8  
  140  8:27  Infestation Pit, Zergling x2  
  140  8:28  Zergling x6  
  140  8:29  Drone x2  
  145  8:36  Baneling x6  
  145  8:37  Hydralisk x2  
  149  8:44  Hydralisk x2  
  153  8:53  Hydralisk x2  
  153  8:54  Hydralisk x2  
  161  8:58  Muscular Augments  
  161  9:07  Hydralisk x4  
  161  9:09  Zergling x4  
  175  9:10  Zergling x18  
  177  9:21  Overlord x4  
  177  9:23  Hive  
  177  9:29  Baneling x3  
  177  9:35  Overlord x2  
  177  9:41  Hatchery  
  175  9:47  Hydralisk  
  175  9:48  Zergling x20  
  174  9:54  Baneling x12  
  174  10:00  Zergling x24  
  174  10:01  Zergling x2  
  184  10:15  Hydralisk  
  184  10:16  Zergling x12  
  184  10:18  Baneling x9  
  192  10:24  Hydralisk  
  192  10:25  Zergling x10  
  199  10:29  Baneling  
  199  10:30  Baneling x3  
  199  10:34  Adrenal Glands  
  199  10:39  Zerg Ground Armor Level 3  
  196  10:47  Hydralisk  
  196  10:48  Zergling x20  
  153  10:53  Hydralisk  
  153  10:54  Zergling x14  
  134  10:58  Zergling x2, Hydralisk  
  134  10:59  Zergling x8  
  134  11:00  Hydralisk  
  130  11:06  Zerg Melee Weapons Level 3  
  130  11:08  Baneling x3  
  131  11:11  Zergling x10  
  129  11:22  Zergling x2, Hydralisk  
  129  11:23  Zergling x12  
  118  11:27  Hydralisk  
  118  11:28  Zergling x10  
  114  11:33  Hydralisk  
  114  11:34  Zergling x10  
  121  11:41  Baneling x10  
  121  11:42  Queen  
  123  11:47  Hydralisk x2  
  123  11:48  Hydralisk  
  123  11:49  Baneling  
  123  11:50  Baneling x2  
  123  11:53  Zergling x2, Hydralisk  
  123  11:54  Zergling x4  
  134  11:59  Hydralisk  
  134  12:00  Zergling x10  
  141  12:09  Hydralisk  
  141  12:10  Zergling x12  
  147  12:24  Queen x2  
  147  12:27  Extractor x2  
  147  12:28  Drone x4  
  147  12:29  Drone  
  154  12:31  Viper x2  
  154  12:32  Viper  
  163  12:38  Zergling x2, Hydralisk  
  163  12:39  Zergling x16  
  163  12:40  Overseer  
  174  12:47  Baneling x5  
  174  12:52  Zergling x2  
  174  12:53  Zergling x12  
  174  12:54  Baneling x5  
  174  12:56  Overseer  
  174  12:58  Zergling x10  
  185  13:15  Drone  
  185  13:16  Spire  
  185  13:19  Queen x3  
  191  13:25  Zerg Missile Weapons Level 1  
  191  13:26  Zergling x16  
  191  13:55  Pathogen Glands  
  191  13:56  Burrow  
  183  14:11  Hatchery  
  183  14:15  Hatchery  
  178  14:19  Hydralisk  
  178  14:20  Hydralisk x2  
  178  14:21  Zergling x42  
  192  14:26  Overseer x3  
  192  14:29  Greater Spire  
  192  14:33  Queen  
  192  14:36  Spore Crawler, Drone x3  
  196  14:38  Drone x2  
  196  14:43  Baneling x5  
  196  14:44  Baneling  
  196  14:45  Baneling x4  
  198  14:56  Baneling  
  198  14:57  Baneling x3  
  196  15:27  Extractor  
  180  15:50  Zerg Flyer Weapons Level 1  
  180  15:52  Spire  
  179  15:59  Spore Crawler  
  179  16:00  Spine Crawler  
  179  16:01  Spine Crawler  
  174  16:30  Spore Crawler  
  174  16:31  Spine Crawler, Overseer x2  
  174  16:32  Overseer  
  172  16:33  Spine Crawler x2, Overseer x2  
  172  16:34  Spine Crawler  
  172  16:37  Zerg Missile Weapons Level 2  
  169  17:04  Spore Crawler, Spine Crawler  
  165  17:24  Drone x4  
  165  17:25  Spine Crawler x2, Drone  
  165  17:28  Spine Crawler  
  162  17:51  Spore Crawler  
  162  17:53  Spine Crawler  
  162  17:55  Spine Crawler  
  162  17:56  Zerg Flyer Weapons Level 2  
  162  17:57  Spine Crawler, Zerg Flyer Armor Level 1  
  158  18:06  Extractor  
  158  18:08  Drone x3  
  158  18:10  Corruptor x3  
  158  18:11  Corruptor x5  
  158  18:12  Corruptor x2  
  170  18:38  Drone  
  170  18:39  Drone x2  
  170  18:40  Drone  
  174  18:42  Drone x2  
  175  18:51  Drone x3  
  175  18:52  Spine Crawler  
  175  18:53  Brood Lord x10, Spore Crawler x2, Spine Crawler x2  
  175  18:54  Spine Crawler x2  
  191  18:55  Spore Crawler  
  191  18:57  Corruptor  
  191  18:58  Corruptor x4  
  198  19:17  Baneling x12  
  198  19:20  Zerg Missile Weapons Level 3  
  198  19:41  Drone x6  
  198  19:44  Drone x2  
  198  19:45  Drone x2  
  199  20:21  Zerg Flyer Weapons Level 3, Zerg Flyer Armor Level 2  
  199  20:24  Spore Crawler  
  199  20:25  Spore Crawler x2  
  199  20:26  Spore Crawler x3  
  199  20:27  Spore Crawler  
  192  20:33  Brood Lord x4  
  186  20:53  Overseer  
  186  20:54  Overseer x3  
  179  20:59  Drone  
  179  21:00  Drone  
  145  21:07  Corruptor x3  
  145  21:08  Corruptor x6  
  145  21:10  Infestor x4  
  166  21:27  Overlord x2  
  166  21:39  Brood Lord  
  168  21:41  Brood Lord  
  168  21:42  Brood Lord x2  
  168  21:43  Brood Lord  
  168  21:44  Brood Lord  
  178  21:47  Extractor x2  
  178  21:49  Brood Lord  
  178  21:50  Brood Lord x3  
  178  21:51  Zergling x24  
  178  21:52  Zergling x10  
  181  22:15  Baneling  
  181  22:16  Baneling x4, Corruptor x2  
  181  22:17  Corruptor x4  
  181  22:20  Zergling x2  
  181  22:21  Zergling x16  
  195  22:30  Overseer x2  
  195  22:31  Overseer  
  188  22:45  Unknown x2  
  188  22:46  Unknown  
  167  22:57  Overseer  
  167  22:58  Overlord  
  167  22:59  Overlord x7  
  167  23:00  Overlord x2  
  167  23:07  Overseer x2  
  158  23:21  Zergling x2, Hydralisk  
  158  23:22  Zergling x30  
  148  23:33  Drone  
  148  23:34  Drone x6  
  151  23:36  Overseer  
  151  23:38  Drone x2  
  151  23:40  Infestor  
  155  23:44  Infestor  
  157  24:01  Hatchery  
  145  24:23  Drone x2  
  145  24:24  Drone x9  
  155  24:36  Drone x2  
  155  24:37  Drone  
  155  24:38  Drone  
  158  24:42  Corruptor  
  158  24:45  Baneling x2  
  141  25:20  Drone x3  
  141  25:21  Drone x5  
  147  25:22  Drone  
  147  25:23  Queen x2  
  147  25:27  Infestor  
  153  25:44  Infestor  
  153  25:45  Corruptor x2  
  159  25:53  Baneling  
  159  25:54  Baneling x2  
  159  25:55  Baneling x2  
  151  26:05  Corruptor x3  
  151  26:08  Hydralisk  
  151  26:09  Zergling x10  
  164  26:14  Brood Lord  
  165  26:38  Baneling x2  
  165  26:39  Baneling, Brood Lord x4  
  161  26:52  Zergling x2, Hydralisk  
  161  26:53  Zergling x12  
  153  27:08  Zergling x2, Hydralisk  
  137  27:09  Zergling x24  
  114  27:23  Corruptor  
  119  27:36  Hatchery  
Tags
 
Add a new tag
Caveats
  • Supply blocks, unpowered buildings, or Contaminate may cause inaccurate times.
  • Supply counts are checked every 10 seconds.